Map: Polka LE

Players

qqq - Winner!

  • Race: Protoss Protoss
  • League: Platinum
  • Spawn Location: 5:00

Massa - Winner!

  • Race: Terran Terran
  • League: Platinum
  • Spawn Location: 5:00

Pitou

  • Race: Protoss Protoss
  • League: Diamond
  • Spawn Location: 11:00

MatsumoBot

  • Race: Zerg Zerg
  • League: Diamond
  • Spawn Location: 11:00

VOD

Have the link to the VOD?

Description

Time

  • Played on: Dec. 13, 2020, 9:40 a.m.
  • Length: 9:10
Show
View Real Time Build Order
Export as new Build Order

qqq Protoss - Winner!

Build Orders:  

Get SALT Encoding   

  12  0:01  Probe  
  13  0:13  Probe  
  14  0:19  Pylon  
  14  0:25  Probe  
  15  0:42  Probe  
  16  0:43  Forge  
  16  1:16  Pylon  
  16  1:32  Pylon  
  15  1:50  Photon Cannon  
  15  1:53  Pylon  
  15  1:59  Pylon  
  15  2:12  Photon Cannon  
  15  2:13  Photon Cannon  
  15  2:29  Photon Cannon  
  15  2:45  Nexus  
  15  2:48  Pylon  
  15  2:55  Probe  
  16  3:07  Probe  
  17  3:15  Gateway  
  17  3:19  Probe, Assimilator  
  18  3:23  Pylon  
  18  3:28  Pylon  
  18  3:32  Probe  
  19  3:37  Assimilator  
  19  3:44  Probe  
  20  3:56  Probe  
  21  4:04  Pylon  
  21  4:08  Probe, Zealot  
  24  4:22  Probe (Chrono Boost)  
  25  4:25  Cybernetics Core  
  25  4:27  Probe (Chrono Boost)  
  26  4:34  Probe (Chrono Boost)  
  26  4:36  Probe (Chrono Boost)  
  28  4:50  Probe x2  
  29  5:03  Probe x2 (Chrono Boost)  
  31  5:10  Stargate  
  31  5:12  Stargate  
  31  5:15  Probe (Chrono Boost), Pylon x2  
  31  5:20  Probe (Chrono Boost)  
  31  5:23  Probe (Chrono Boost)  
  31  5:25  Probe (Chrono Boost)  
  33  5:29  Probe  
  33  5:30  Assimilator  
  33  5:33  Probe, Protoss Air Weapons Level 1 (Chrono Boost)  
  33  5:34  Assimilator  
  35  5:46  Photon Cannon  
  35  5:48  Photon Cannon  
  35  5:50  Pylon  
  35  5:53  Probe x2  
  37  6:05  Probe x2  
  37  6:10  Phoenix  
  41  6:16  Phoenix  
  41  6:17  Probe  
  41  6:18  Probe  
  45  6:35  Phoenix  
  45  6:38  Photon Cannon  
  47  6:41  Phoenix  
  47  6:42  Probe  
  50  6:54  Probe  
  50  7:00  Phoenix  
  53  7:06  Probe, Phoenix  
  53  7:07  Pylon  
  56  7:18  Probe  
  57  7:25  Phoenix  
  59  7:31  Phoenix  
  59  7:50  Phoenix  
  61  7:56  Phoenix, Nexus  
  61  7:57  Photon Cannon  
  63  8:01  Pylon  
  63  8:06  Fleet Beacon  
  63  8:10  Stargate  
  63  8:15  Phoenix  
  65  8:20  Photon Cannon  
  65  8:21  Phoenix  
  67  8:34  Robotics Facility  
  67  8:36  Pylon  
  67  8:40  Phoenix  
  69  8:50  Nexus  
  69  8:53  Pylon  
  69  9:03  Photon Cannon  
Show
View Real Time Build Order
Export as new Build Order

Massa Terran - Winner!

Build Orders: 2 Factory 

Get SALT Encoding   

  12  0:00  SCV  
  13  0:12  SCV  
  14  0:25  Refinery  
  14  0:27  Supply Depot  
  14  0:29  SCV  
  15  0:48  SCV  
  16  0:51  Barracks  
  16  1:00  SCV  
  17  1:12  SCV  
  18  1:24  SCV  
  19  1:41  Factory  
  19  1:46  Orbital Command  
  19  1:59  Command Center  
  19  2:03  Marine  
  20  2:14  SCV  
  21  2:20  Supply Depot  
  21  2:29  Barracks Tech Lab  
  21  2:36  SCV  
  22  2:42  Hellion  
  22  2:43  Factory  
  24  2:48  SCV, Supply Depot  
  25  3:00  SCV  
  25  3:03  Hellion  
  28  3:11  Supply Depot  
  28  3:12  SCV  
  29  3:23  SCV  
  29  3:24  Starport, Hellion  
  32  3:35  Orbital Command  
  32  3:42  Barracks Tech Lab  
  32  3:43  SCV  
  32  3:46  Widow Mine, Refinery  
  35  3:55  SCV  
  30  4:07  SCV  
  29  4:19  SCV  
  29  4:21  SCV  
  31  4:25  Liberator  
  31  4:28  Marine  
  31  4:30  Hellion  
  37  4:31  SCV  
  37  4:33  SCV  
  37  4:34  Refinery  
  39  4:40  Engineering Bay  
  39  4:44  SCV, Barracks  
  39  4:45  SCV, Marine  
  41  4:46  Refinery  
  41  4:47  Barracks  
  41  4:51  Stimpack  
  42  4:56  SCV  
  43  5:04  Siege Tank  
  46  5:07  Marauder  
  46  5:11  Command Center  
  48  5:18  SCV x2  
  50  5:29  Marauder, Supply Depot  
  50  5:30  SCV x2  
  50  5:33  Missile Turret  
  54  5:36  Missile Turret  
  54  5:42  SCV x2  
  56  5:45  Medivac  
  58  5:54  SCV  
  59  6:19  SCV x2  
  61  6:26  Factory Tech Lab  
  61  6:31  SCV x2  
  63  6:43  SCV  
  63  6:45  SCV  
  63  6:46  Marauder  
  67  6:47  Barracks Reactor, Barracks Tech Lab  
  67  6:51  Medivac  
  69  6:55  SCV  
  69  6:57  SCV  
  71  7:05  Siege Tank  
  71  7:08  SCV, Marauder  
  77  7:09  SCV  
  75  7:20  SCV  
  75  7:21  Medivac  
  78  7:29  Marauder  
  77  7:39  Marauder, Marine x2  
  77  7:41  Widow Mine, Siege Tank  
  80  7:50  Marauder  
  82  7:54  Orbital Command  
  82  7:56  SCV x2  
  82  7:57  Marine  
  85  8:05  Supply Depot  
  85  8:07  Supply Depot x3  
  85  8:08  Supply Depot x2  
  85  8:09  Concussive Shells  
  85  8:12  Supply Depot  
  85  8:15  Barracks  
  85  8:16  Barracks  
  85  8:19  Barracks  
  85  8:20  Barracks  
  85  8:27  Widow Mine, SCV, Marauder x2, Marine  
  85  8:28  Marine  
  85  8:29  SCV, Missile Turret  
  85  8:30  Supply Depot x2  
  85  8:32  Supply Depot x2  
  85  8:33  Missile Turret, Supply Depot  
  85  8:34  SCV, Supply Depot  
  96  8:36  Supply Depot  
  96  8:39  SCV  
  96  8:40  Starport Reactor  
  96  8:41  SCV  
  98  8:46  SCV  
  99  8:49  Marauder  
  99  8:51  SCV  
Show
View Real Time Build Order
Export as new Build Order

Pitou Protoss 

Build Orders:  

Get SALT Encoding   

  12  0:00  Probe  
  13  0:12  Probe  
  14  0:18  Pylon  
  14  0:25  Probe (Chrono Boost)  
  15  0:38  Probe (Chrono Boost)  
  15  0:39  Gateway  
  16  0:43  Probe (Chrono Boost)  
  17  0:53  Probe  
  18  1:07  Probe  
  19  1:18  Assimilator  
  19  1:28  Zealot (Chrono Boost)  
  21  1:44  Probe  
  22  1:56  Probe  
  23  2:07  Cybernetics Core  
  23  2:08  Pylon  
  23  2:26  Zealot (Chrono Boost)  
  25  2:35  Pylon  
  25  2:38  Probe  
  26  2:51  Stalker (Chrono Boost)  
  26  2:54  Warp Gate (Chrono Boost)  
  28  2:59  Gateway  
  28  3:17  Stalker (Chrono Boost)  
  28  3:18  Gateway  
  30  3:21  Pylon  
  30  3:22  Pylon  
  30  3:24  Probe  
  31  3:37  Robotics Facility  
  31  3:38  Probe  
  31  3:40  Assimilator  
  31  3:50  Shield Battery  
  31  3:51  Probe  
  28  4:03  Probe  
  29  4:15  Probe  
  28  4:26  Observer  
  28  4:27  Probe  
  30  4:47  Warp Prism  
  32  5:00  Nexus  
  32  5:20  Pylon  
  32  5:21  Probe, Immortal (Chrono Boost)  
  37  5:34  Twilight Council  
  37  5:39  Probe  
  37  6:03  Stalker  
  35  6:23  Blink (Chrono Boost)  
  35  6:30  Probe (Chrono Boost)  
  37  6:36  Probe (Chrono Boost)  
  37  6:38  Immortal  
  42  6:42  Probe (Chrono Boost)  
  42  6:46  Probe (Chrono Boost)  
  43  6:48  Probe (Chrono Boost)  
  44  7:05  Stalker  
  44  7:06  Stalker  
  48  7:26  Stalker  
  38  7:46  Probe x2 (Chrono Boost)  
  40  7:54  Warp Prism (Chrono Boost)  
  40  7:57  Stalker  
  40  7:58  Probe x2 (Chrono Boost), Stalker x2  
  50  8:02  Probe (Chrono Boost)  
  50  8:03  Probe (Chrono Boost)  
  52  8:09  Forge  
  52  8:11  Pylon  
  52  8:27  Immortal (Chrono Boost)  
  52  8:32  Shield Battery  
  52  8:33  Probe  
  52  8:34  Probe  
  58  8:45  Probe  
Show
View Real Time Build Order
Export as new Build Order

MatsumoBot Zerg 

Build Orders: Hatch First 

Get SALT Encoding   

  12  0:00  Drone  
  13  0:13  Overlord  
  13  0:17  Drone  
  14  0:32  Drone x2  
  16  0:52  Drone  
  16  0:53  Hatchery  
  16  1:02  Extractor  
  15  1:10  Spawning Pool  
  14  2:11  Spine Crawler  
  13  2:18  Roach Warren  
  13  2:19  Queen  
  13  2:20  Extractor  
  13  3:15  Roach x3  
  19  3:26  Drone  
  20  3:39  Ravager x2  
  22  3:43  Spore Crawler  
  22  3:44  Ravager, Spore Crawler  
  23  3:59  Overlord x2  
  23  4:13  Overlord  
  23  4:36  Drone x3  
  26  4:47  Spore Crawler  
  25  5:03  Drone  
  25  5:04  Drone  
  27  5:15  Drone  
  28  5:24  Lair  
  28  5:46  Hatchery  
  27  6:10  Drone x3  
  30  6:17  Hatchery  
  29  6:20  Drone x3  
  32  6:47  Drone x3  
  34  6:48  Drone x2  
  37  6:58  Queen  
  39  7:12  Roach x2  
  39  7:13  Roach  
  39  7:24  Zergling x8  
  39  7:25  Zergling x2  
  42  7:37  Zergling x8  
  45  7:46  Metabolic Boost  
  45  7:49  Queen  
  47  7:55  Ravager  
  47  7:58  Ravager x2  
  50  8:03  Overlord  
  50  8:04  Overlord  
  50  8:10  Overlord  
  50  8:21  Overlord  
  50  8:34  Drone x5  
  51  8:37  Drone  
  51  8:38  Drone  
Tags
 
Add a new tag
Caveats
  • Supply blocks, unpowered buildings, or Contaminate may cause inaccurate times.
  • Supply counts are checked every 10 seconds.